 Dungeon Crawl Stone Soup version 0.29-a0-823-gc37b1572da (webtiles) character file.

Game seed: 5244494641124287324

84 zeratav the Changer (level 4, -9/42 HPs)
             Began as an Octopode Transmuter on July 8, 2022.
             Splashed by a jelly's acid (10 damage)
             ... on level 2 of the Dungeon.
             The game lasted 00:03:25 (2621 turns).

zeratav the Changer (Octopode Transmuter)           Turns: 2621, Time: 00:03:26

Health: -9/42      AC:  2    Str:  9    XL:     4   Next: 46%
Magic:  7/7        EV:  2    Int: 17    God:
Gold:   55         SH:  0    Dex: 12    Spells: 6/7 levels left

rFire   . . .      SeeInvis .     - Unarmed
rCold   . . .      Faith    .   (no shield)
rNeg    . . .      Spirit   .   (helmet currently unavailable)
rPois   +          Reflect  .   (no amulet)
rElec   .          Harm     .   (no ring)
rCorr   .          Rampage  .   (no ring)
Will    .....      NoTele   +   (no ring)
Stlth   +.........              (no ring)
HPRegen 0.14/turn               (no ring)
MPRegen 0.10/turn               (no ring)
                                (no ring)
                                (no ring)

@: tree-form, corroded
A: stationary, stasis, torment immunity, boosted hp, almost no armour,
(amphibious), 8 rings, (camouflage 1), (gelatinous body 1), (nimble swimmer 1),
(tentacles)
a: no special abilities


You were on level 2 of the Dungeon.
You were a tree.
You visited 1 branch of the dungeon, and saw 2 of its levels.

You collected 55 gold pieces.


Innate Abilities, Weirdness & Mutations

You are a tree.
Your roots penetrate the ground, keeping you stationary.
You cannot be teleported.
You are immune to unholy pain and torment.
Your maximum health is greatly increased.
You cannot wear most types of armour.
((You are amphibious.))
You can wear up to eight rings at the same time.
((Your skin changes colour to match your surroundings (Stealth+).))
((Your rubbery body absorbs attacks. (AC +1, EV +1)))
((You are camouflaged when in or above water. (Stealth+)))
((You have tentacles for arms and can constrict up to eight enemies at once.))


   Skills:
 - Level 1.0 Fighting
 - Level 2.0 Dodging
 - Level 3.0 Unarmed Combat
 - Level 2.0 Spellcasting
 + Level 4.5 Transmutations


You had 6 spell levels left.
You knew the following spells:

 Your Spells              Type           Power      Damage    Failure   Level
a - Beastly Appendage     Tmut           34%        N/A       3%          1

Your spell library contained the following spells:

 Spells                   Type           Power      Damage    Failure   Level
 Wereblood                Tmut           17%        N/A       4%          2
 Spider Form              Tmut/Pois      9%         N/A       22%         3
 Ice Form                 Ice/Tmut       9%         N/A       58%         4

Inventory:

Hand Weapons
 d - a +4 dagger {short}
   (You took it off a kobold on level 1 of the Dungeon)
 g - a +2 vorpal morningstar {mace}
   (You found it on level 2 of the Dungeon)
 i - a +1 short sword of holy wrath {short}
   (You took it off a kobold on level 2 of the Dungeon)
Wands
 h - a wand of digging (6)
   (You found it on level 2 of the Dungeon)
Scrolls
 b - a scroll of enchant armour {unknown}
 c - a scroll of immolation {unknown}
 e - a scroll of identify {unknown}

Dungeon Overview and Level Annotations

Branches:
Dungeon (2/15) Zot: 9382

Altars:

Shops:
D:2

[ ##.....## ####.##
#.......# #......
#.......# ####.##.#.
##### #.......#
.....##... ....#
#...[...# ###......
....######## ####....#
#.##..#
......##...###..'....#
#......
....#....#.##.########
####.##
....####...###..♣JJ.#
##.## .##.# #####
#######'# #...# ..>.#
..# #...# .#### P.#
#...# .# ÷.# #...# .#
##### ..# #...# .#
#...# P.#######....
.### #...#
..##>........ ...#
#...# #...<.....


You could see 2 jellies.


Message History

An endoplasm comes into view.
One of your tentacles grows a vicious spike.
MP[-1]
You lost 1 mp, and now have 6/7 mp.
A jelly comes into view.
You hit the jelly. The acid corrodes you!
Your tentacles burn!
The jelly closely misses you.
HP[-2]
You take 2 damage, and now have 26/28 hp.
You hit the jelly. The acid corrodes you!
Your tentacles burn!
The jelly barely misses you.
HP[-2]
You take 2 damage, and now have 24/28 hp.
You hit the jelly.
Your tentacles burn!
You squeeze the jelly. The jelly hits you. The acid corrodes you!
You are splashed with acid.
* * * LOW HITPOINT WARNING * * *
Something hits the fungus.
The fungus begins to die.
HP[-11]
You take 11 damage, and now have 13/28 hp.
MASSIVE DAMAGE!! (PAUSE)
You hit the jelly but do no damage.
Your tentacles burn!
* * * LOW HITPOINT WARNING * * *
You squeeze the jelly, but do no damage.
The jelly misses you.
HP[-2]
You take 2 damage, and now have 11/28 hp.
Things that are here:
a +0 whip {mace}; a kobold corpse Really quaff the potion of lignification?
Your tentacle spike disappears.
You turn into a tree.
Your roots penetrate the ground.
The jelly barely misses you.
HP[+6] MP[+1]
You now have 42 max hp (+14).
You regained 6 hp, and now have 17/42 hp.
Your mp is fully restored (7).
You are now empty-handed.
You hit the jelly.
Your branches burn!
* * * LOW HITPOINT WARNING * * *
The jelly completely misses you.
HP[-1]
You take 1 damage, and now have 16/42 hp.
You hit the jelly but do no damage.
Your branches burn!
* * * LOW HITPOINT WARNING * * *
The jelly hits you but does no damage.
HP[-1]
You take 1 damage, and now have 15/42 hp.
You hit the jelly but do no damage.
Your branches burn!
* * * LOW HITPOINT WARNING * * *
The jelly hits you but does no damage.
HP[-5]
You take 5 damage, and now have 10/42 hp.
You hit the jelly but do no damage.
Your branches burn!
* * * LOW HITPOINT WARNING * * *
The jelly hits you but does no damage.
HP[-3]
You take 3 damage, and now have 7/42 hp.
You hit the jelly but do no damage.
Your branches burn!
* * * LOW HITPOINT WARNING * * *
The jelly hits you but does no damage.
HP[-4]
You take 4 damage, and now have 3/42 hp.
You hit the jelly but do no damage.
Your branches burn!
* * * LOW HITPOINT WARNING * * *
HP[-2]
You take 2 damage, and now have 1/42 hp.
It was a potion of heal wounds.
You feel much better. The jelly hits you but does no damage.
HP[+28]
You regained 28 hp, and now have 29/42 hp.
You hit the jelly but do no damage. The acid corrodes you!
Your branches burn!
The jelly hits you but does no damage.
HP[-5]
You take 5 damage, and now have 24/42 hp.
You hit the jelly but do no damage.
Your branches burn!
* * * LOW HITPOINT WARNING * * *
The jelly hits you.
* * * LOW HITPOINT WARNING * * *
You are splashed with acid!
* * * LOW HITPOINT WARNING * * *
HP[-16]
You take 16 damage, and now have 8/42 hp.
MASSIVE DAMAGE!! (PAUSE)
You hit the jelly but do no damage. The acid corrodes you!
Your branches burn!
* * * LOW HITPOINT WARNING * * *
The jelly jiggles.
The jelly hits you but does no damage.
HP[-1]
You take 1 damage, and now have 7/42 hp.
You hit the jelly but do no damage.
Your branches burn!
* * * LOW HITPOINT WARNING * * *
The jelly hits you but does no damage.
HP[-2]
You take 2 damage, and now have 5/42 hp.
You hit the jelly but do no damage.
Your branches burn!
* * * LOW HITPOINT WARNING * * *
The jelly hits you.
* * * LOW HITPOINT WARNING * * *
You are splashed with acid!
You die...

Skill      XL: |  1  2  3 |
---------------+----------+-----
Transmutations | 3 4 |  4.5
Fighting       | |  1.0
Dodging        | |  2.0
Unarmed Combat | |  3.0
Spellcasting   | |  2.0

Action                   |  1- 3 |  4- 6 || total
-------------------------+-------+-------++-------
Melee: Unarmed           |    27 |    11 ||    38
       Kick              |    17 |     3 ||    20
       Constrict         |    15 |     7 ||    22
       Tentacles         |     9 |     9 ||    18
       Dagger            |    45 |    29 ||    74
       Punch             |     1 |       ||     1
 Cast: Beastly Appendage |    23 |     9 ||    32
  Use: Potion            |       |     2 ||     2
 Stab: Sleeping          |     4 |     2 ||     6
Armor: Skin              |     6 |    11 ||    17
Dodge: Dodged            |    53 |    19 ||    72

Levels and vault maps discovered:
D:1:      amcnicky_arrival_flooded_fountain, layout_loops_ring
D:2:      cheibrodos_fertilizer, layout_loops_cross, serial_shops,
          nicolae_lakefront_shop, minmay_divided_ellipse

Notes
Turn   | Place    | Note
-------+----------+-------------------------------------------
     0 | D:1      | zeratav the Octopode Transmuter began the quest for the
                  | Orb.
     0 | D:1      | Reached XP level 1. HP: 13/13 MP: 3/3
     0 | D:1      | magus.rc [v1.9.6]
   289 | D:1      | Reached XP level 2. HP: 18/18 MP: 3/5
   526 | D:1      | Reached skill level 3 in Transmutations
  1016 | D:1      | Reached XP level 3. HP: 23/23 MP: 4/6
  1703 | D:2      | Reached skill level 4 in Transmutations
  1927 | D:2      | Reached XP level 4. HP: 23/28 MP: 5/7
  2299 | D:2      | Found Eppisis's Armour Shop.
  2612 | D:2      | HP: 10/42 [acid (5)]
  2614 | D:2      | HP: 2/42 [acid (5)]
  2619 | D:2      | HP: 7/42 [acid (1)]
  2621 | D:2      | HP: 2/42 [acid (3)]
  2621 | D:2      | Splashed by a jelly's acid

Vanquished Creatures
  3 adders (D:2)
  A dart slug (D:2)
  An orc (D:2)
  4 ball pythons (D:1)
  An endoplasm (D:2)
  4 giant cockroaches
  5 goblins
  6 hobgoblins
  A quokka (D:1)
  4 bats (D:2)
  3 frilled lizards
  15 kobolds
  5 rats
53 creatures vanquished.

Vanquished Creatures (others)
  4 fungi (D:2)
  8 toadstools (D:2)
12 creatures vanquished.

Grand Total: 65 creatures vanquished

Table legend:
 A = Non-vault XP
 B = Vault XP
 C = Vault XP percentage of total XP
 D = Non-vault monster count
 E = Vault monster count
 F = Vault count percentage of total count
                 A         B        C        D         E       F
            +---------+---------+-------+---------+---------+-------
      Total |      73 |      48 |  39.7 |      38 |      15 |  28.3
            +---------+---------+-------+---------+---------+-------
        D:1 |      34 |       0 |   0.0 |      21 |       0 |   0.0
        D:2 |      39 |      48 |  55.2 |      17 |      15 |  46.9
            +---------+---------+-------+---------+---------+-------

Illustrated notes

Table legend:
 A = Kills in this place as a percentage of kills in entire the game.
 B = Kills by you in this place as a percentage of kills by you in the entire game.
 C = Kills by friends in this place as a percentage of kills by friends in the entire game.
 D = Other kills in this place as a percentage of other kills in the entire game.
 E = Experience gained in this place as a percentage of experience gained in the entire game.
 F = Experience gained in this place divided by the number of levels of this place that you have seen.
                   A       B       C       D       E      F
               +-------+-------+-------+-------+-------+----------------------
         Total | 100.0 | 100.0 |   N/A |   N/A | 100.0 |  60.5
       Dungeon | 100.0 | 100.0 |   N/A |   N/A | 100.0 |  60.5
               +-------+-------+-------+-------+-------+----------------------

Table legend: (Time is in decaauts)
 A = Elapsed time spent in this place.
 B = Non-inter-level travel time spent in this place.
 C = Inter-level travel time spent in this place.
 D = Time resting spent in this place.
 E = Time spent auto-exploring this place.
 F = Levels seen in this place.
 G = Mean time per level.
                   A        B        C        D        E       F      G
               +--------+--------+--------+--------+--------+-----+--------+
         Total |   2617 |   2581 |     36 |    205 |   2068 |   2 | 1308.5 |
       Dungeon |   2617 |   2581 |     36 |    205 |   2068 |   2 | 1308.5 |
               +--------+--------+--------+--------+--------+-----+--------+

Top non-repeatable levels by time:
     D:2: 1454 daAuts
     D:1: 1162 daAuts
